 Dungeon Crawl Stone Soup version 0.29.1-2-gbd0b4ee654 (console) character file.

Game seed: 14611099340090622632

7945 Goreval the Frost Mage (level 11, -2/68 HPs)
             Began as a Merfolk Ice Elementalist on Nov 9, 2022.
             Was an Elder of Dithmenos.
             Slain by a gnoll sergeant
             ... wielding a +3 vorpal spear
              (8 damage)
             ... on level 9 of the Dungeon on Nov 10, 2022.
             The game lasted 01:21:44 (16349 turns).

Goreval the Frost Mage (Merfolk Ice Elementalist)  Turns: 16349, Time: 01:21:45

Health: -2/68      AC:  4    Str:  9    XL:     11   Next: 23%
Magic:  10/20      EV: 17    Int: 18    God:    Dithmenos [****..]
Gold:   538        SH:  0    Dex: 15    Spells: 4/22 levels left

rFire   . . .      SeeInvis .   b - +2 dagger (freeze)
rCold   . . .      Faith    .   (no shield)
rNeg    . . .      Spirit   .   P - +1 robe {Will+}
rPois   .          Reflect  .   (no helmet)
rElec   .          Harm     .   (no cloak)
rCorr   .          Rampage  .   (no gloves)
Will    +....                   h - +0 pair of boots
Stlth   ++++......              (no amulet)
HPRegen 0.21/turn               (no ring)
MPRegen 0.17/turn               (no ring)

@: wreathed by umbra
A: (nimble swimmer 2), mertail
a: Renounce Religion, Shadow Step


You were on level 9 of the Dungeon.
You worshipped Dithmenos.
Dithmenos was greatly pleased with you.
You visited 2 branches of the dungeon, and saw 10 of its levels.

You collected 538 gold pieces.

Inventory:

Hand Weapons
 a - a +2 trident of protection
 b - a +2 dagger of freezing (weapon)
Armour
 h - a +0 pair of boots (worn)
 k - a +0 scale mail
 P - a +1 robe of willpower (worn)
Jewellery
 D - an amulet of faith
Wands
 l - a wand of paralysis (16)
 r - a wand of flame (33)
 w - a wand of mindburst (6)
Scrolls
 g - a scroll of summoning {unknown}
 i - 3 scrolls of blinking
 j - 2 scrolls of poison
 n - a scroll of torment {unknown}
 o - a scroll of magic mapping {unknown}
 s - a scroll of brand weapon {unknown}
 t - 2 scrolls of noise {unknown}
 v - 2 scrolls of vulnerability {unknown}
 x - a scroll of immolation {unknown}
 z - 5 scrolls of teleportation {unknown}
 F - a scroll of fear {unknown}
 L - a scroll of amnesia {unknown}
 O - 3 scrolls of identify
Potions
 c - 6 potions of heal wounds
 d - 5 potions of curing
 e - 4 potions of flight
 f - 2 potions of brilliance {unknown}
 m - a potion of degeneration {unknown}
 p - 2 potions of haste {unknown}
 q - a potion of magic
 u - 2 potions of ambrosia {unknown}
 A - 2 potions of mutation {unknown}
 B - a potion of berserk rage {unknown}


   Skills:
 * Level 5.1 Short Blades
 - Level 4.0 Polearms
 + Level 10.5 Dodging
 + Level 5.0 Stealth
 - Level 6.0 Spellcasting
 - Level 2.0 Conjurations
 - Level 2.0 Hexes
 + Level 6.8 Summonings
 - Level 11.1 Ice Magic


You had 4 spell levels left.
You knew the following spells:

 Your Spells              Type           Power      Damage    Failure   Level
a - Ozocubu's Armour      Ice            45%        N/A       1%          3
b - Freeze                Ice            100%       1d11      1%          1
c - Summon Ice Beast      Ice/Summ       37%        N/A       3%          4
d - Frozen Ramparts       Ice            90%        1d14      1%          3
e - Summon Guardian Gole  Hex/Summ       21%        N/A       6%          3
f - Hailstorm             Conj/Ice       29%        3d8       8%          4

Your spell library contained the following spells:

 Spells                   Type           Power      Damage    Failure   Level
 Foxfire                  Conj/Fire      36%        2x1d5     8%          1
 Apportation              Tloc           10%        N/A       12%         1
 Poisonous Vapours        Pois/Air       10%        N/A       19%         2
 Conjure Flame            Conj/Fire      9%         6-21      24%         3
 Inner Flame              Hex/Fire       9%         N/A       24%         3
 Cause Fear               Hex            6%         N/A       45%         4
 Flame Wave               Conj/Fire      9%         2d6       61%         4
 Corpse Rot               Necr/Pois/Air  5%         N/A       75%         4
 Summon Mana Viper        Hex/Summ       21%        N/A       47%         5
 Alistair's Intoxication  Tmut/Pois      3%         N/A       97%         5
 Monstrous Menagerie      Summ           15%        N/A       99%         7
 Dragon Form              Tmut           2%         N/A       100%        7
 Orb of Destruction       Conj           6%         9d6       100%        7
 Spellforged Servitor     Conj/Summ      10%        N/A       100%        7
 Dragon's Call            Summ           15%        N/A       100%        9


Dungeon Overview and Level Annotations

Branches:
Dungeon (9/15)             Temple (0/1) D:5            Lair (1/5) D:9
    Orc (0/2) D:9

Altars:
Dithmenos
Elyvilon
Hepliaklqana
Kikubaaqudgha
Qazlal
Trog
Uskayaw
Xom
Yredelemnul
Zin

Shops:
D:9 =

Annotations:
D:8 exclusions: wolf and yak


Innate Abilities, Weirdness & Mutations

((You are very nimble when in or above water. (Stealth+, EV+, Speed+++)))
Your lower body shifts to a powerful aquatic tail in water.


Message History

Your icy armour will break if you move.
Continue?
The gnoll sergeant attacks as you move away!
The gnoll sergeant hits you with a +3 vorpal spear.
Your icy armour cracks and falls away as you move.
The gnoll sergeant hits you from afar with a +3 vorpal spear.
The orc warrior attacks as you move away!
The orc warrior closely misses you.
Your ice beast hits the gnoll sergeant but does no damage.
This square is wreathed by an umbra.
The walls around you are covered in ice.
Your ice beast hits the gnoll sergeant but does no damage.
The wall freezes the orc warrior.
The orc warrior misses you.
The wall freezes the gnoll sergeant but does no damage.
The gnoll sergeant barely misses you. A film of ice covers your body!
Your ice beast hits the gnoll sergeant but does no damage.
The wall freezes the orc warrior but does no damage.
The orc warrior barely misses you.
The wall freezes the gnoll sergeant!
The gnoll sergeant hits you from afar with a +3 vorpal spear!
You hit the orc warrior but do no damage.
You punch the orc warrior, but do no damage.
Your ice beast barely misses the gnoll sergeant.
You barely miss the orc warrior.
The wall freezes the orc warrior.
The orc warrior barely misses you.
The wall freezes the gnoll sergeant but does no damage.
The gnoll sergeant hits you from afar with a +3 vorpal spear!
* * * LOW HITPOINT WARNING * * *
Your ice beast hits the gnoll sergeant but does no damage.
Your icy armour and frozen ramparts will break if you move.
Continue?
Okay, then.
There are monsters nearby!
Your icy armour and frozen ramparts will break if you move.
Continue?
The orc warrior attacks as you move away!
The orc warrior closely misses you.
Your icy armour cracks and falls away as you move.
The frozen ramparts melt away as you move.
There is a stone staircase leading down here.
The orc warrior hits you with a +0 flail!
* * * LOW HITPOINT WARNING * * *
The gnoll sergeant hits you from afar with a +3 vorpal spear!
You die...

### #.########### #...........# #.#########.#
##.###### #.# ################ ........#
##'######### #......##......# ### #########
#..........# #.####.##.####.# #.# #.......##'# #.#
#....# #.# #.# #.......⌠#.# #.# ##.##.####.# #.#
####### ##.#######.###.# #..........###.# ......#
##.###.'..∩..'.#####.#.##.......##### #####.#
#......###.###.##.............#.#...# #.#
#..##.##.#.#⌠..).....#..#...#.#.....### #####.#
#..##.##.#'#...##.......#.............# #.....#
#..##.##<........................##.### #######
#..#..####.###.##.......#.###.#.....###
#..#..####.###....#..#..#.............#
#..#..#.....##......................#.#####
#..#..#.##.............##>................#
#..#..#...........##.#.###..............###
#..............(..##..............8.8.8.#
####..#.###....(<....#..................# #..#.#
##...##..(..####.#..@.........## ######
#..#.####...##......# #....o..#.......# ####....#
#..........)........# ###.#.g.#_......# #.......#
#..#.#.##....###....#####...Y.#.......# #.......#
#....................##...............#
##.......#####..#.#..####.........##...#...........#
.........##.....###..# #...................8.8.8..#
.........##.#...###..# ##.............#...........#
.........##.#...'.#..#####.............#..######...#
.....######.....#.#..............................###
....................#####............###.........#
.....#######.##.#...#
#.....)....#...###.#######.####
......#......##.###.#
#.......####.....#.#8...8#....#
###.#.#......##.###.###.......# #.......#.....#.####
......#......##...............# ##.###.#.#..>..#.#
#.#.#.#......##.#.##.##.÷....## #..#.#.#.#.....#.#
#.#...###.##.##.#.##.##.##...####..#.)...#8.).8#.#
#.###.....##.........##.##...............###[###.#
..<.............#.#####.##...........###....)))).#
..###..............................#.....#######.#
..####.......##.#....##.#..........#.#.###.# #.#
..##.......#.##.#.#.........#####'##.......#####.#
.###.#............#.###.#.#.#.....##...####......#
.............##.#...........'..........# #.######


You could see an orc warrior, a gnoll sergeant (ally target) and a friendly ice
beast (summoned).

Vanquished Creatures
  Pikel (D:4)
  A komodo dragon (Lair:1)
  A troll (D:9)
  A polar bear (Lair:1)
  A hornet (D:7)
  A spriggan (D:7)
  8 yaks (D:8)
  A steam dragon (D:7)
  An acid dragon (D:9)
  2 sky beasts
  An ice beast (D:6)
  2 orc warriors
  A black bear (D:5)
  5 ogres
  A wolf (D:8)
  4 centaurs
  A phantom (D:5)
  2 kobold brigands (D:9)
  4 bullfrogs
  A gnoll sergeant (D:9)
  5 scorpions
  A wight (D:8)
  6 killer bees (D:9)
  2 howler monkeys (D:7)
  3 hounds
  3 jellies (D:5)
  3 orc priests
  3 iguanas
  Terence (D:2)
  2 orc wizards
  6 adders
  7 gnolls
  A shadow imp (D:7)
  A white imp (D:6)
  An ufetubus (D:6)
  3 worms
  3 dart slugs
  18 orcs
  2 endoplasms
  3 giant cockroaches
  5 hobgoblins
  10 jackals
  14 kobolds
  4 quokkas
  2 ball pythons (D:1)
  7 bats
  7 frilled lizards
  6 goblins
  13 rats
182 creatures vanquished.

Vanquished Creatures (collateral kills)
  Psyche (D:8)
  A polar bear (D:8)
  A steam dragon (D:8)
  2 black bears (D:7)
  5 ogres
  A bullfrog (D:8)
  2 kobold brigands
  3 wights (D:7)
  A jelly (D:6)
  2 orc priests
  4 orc wizards
  3 gnolls (D:9)
  2 orcs
  A frilled lizard (D:6)
  2 kobolds
31 creatures vanquished.

Vanquished Creatures (others)
  5 dream sheep (D:6)
  A fungus (Lair:1)
  8 plants (D:6)
14 creatures vanquished.

Grand Total: 227 creatures vanquished

Notes
Turn   | Place    | Note
-------+----------+-------------------------------------------
     0 | D:1      | Goreval the Merfolk Ice Elementalist began the quest for
                  | the Orb.
     0 | D:1      | Reached XP level 1. HP: 13/13 MP: 3/3
   336 | D:1      | Reached XP level 2. HP: 19/19 MP: 3/5
   746 | D:1      | Reached XP level 3. HP: 20/24 MP: 0/6
   813 | D:1      | Learned a level 3 spell: Ozocubu's Armour
   976 | D:1      | Found a faded altar of an unknown god.
   981 | D:1      | Prayed at the altar of an unknown god.
   981 | D:1      | Became a worshipper of Dithmenos the Shadowed
   981 | D:1      | Reached * piety under Dithmenos
  1381 | D:2      | Reached skill level 5 in Ice Magic
  1775 | D:2      | Reached XP level 4. HP: 20/30 MP: 4/7
  2211 | D:2      | Learned a level 4 spell: Summon Ice Beast
  2230 | D:3      | Reached skill level 1 in Polearms
  2262 | D:3      | Noticed Terence
  2278 | D:3      | Reached ** piety under Dithmenos
  2294 | D:2      | Reached XP level 5. HP: 21/35 MP: 5/9
  2436 | D:2      | Killed Terence
  2755 | D:3      | Noticed a moth of wrath
  2757 | D:3      | Found a bloodstained altar of Trog.
  3151 | D:3      | Found an ancient bone altar of Kikubaaqudgha.
  3456 | D:3      | Reached XP level 6. HP: 32/41 MP: 6/10
  3460 | D:3      | Learned a level 3 spell: Frozen Ramparts
  4018 | D:4      | Reached skill level 6 in Ice Magic
  4067 | D:4      | Reached skill level 1 in Summonings
  4391 | D:4      | Noticed Pikel
  4404 | D:4      | Killed Pikel
  4405 | D:4      | Reached XP level 7. HP: 19/46 MP: 1/13
  5233 | D:5      | Entered Level 5 of the Dungeon
  5388 | D:5      | Reached XP level 8. HP: 49/50 MP: 14/14
  5577 | D:5      | Found a basalt altar of Yredelemnul.
  6125 | D:5      | Reached skill level 7 in Ice Magic
  6495 | D:5      | Found a staircase to the Ecumenical Temple.
  7668 | D:6      | Reached skill level 5 in Summonings
  7669 | D:6      | Reached skill level 5 in Spellcasting
  7669 | D:6      | Reached skill level 8 in Ice Magic
  7669 | D:6      | Reached XP level 9. HP: 31/57 MP: 9/16
  8768 | D:6      | Found a white marble altar of Elyvilon.
  9216 | D:6      | Found a shimmering altar of Xom.
  9419 | D:7      | Noticed a hornet
  9427 | D:7      | Paralysed by a hornet for 1 turns
  9433 | D:7      | Killed a hornet
 10502 | D:7      | Reached skill level 9 in Ice Magic
 10837 | D:7      | Reached *** piety under Dithmenos
 11264 | D:7      | Reached XP level 10. HP: 63/63 MP: 3/19
 11485 | D:8      | Found a stormy altar of Qazlal.
 11977 | D:7      | Reached skill level 10 in Ice Magic
 11979 | D:7      | Found a hazy altar of Hepliaklqana.
 11980 | D:7      | Found a faded altar of an unknown god.
 12654 | D:8      | Found a glowing silver altar of Zin.
 12685 | D:8      | Reached skill level 5 in Stealth
 12972 | D:8      | HP: 3/63 [yak (9)]
 13272 | D:8      | Noticed Psyche
 13658 | D:8      | Learned a level 3 spell: Summon Guardian Golem
 13663 | D:8      | Learned a level 4 spell: Hailstorm
 14200 | D:8      | Reached skill level 1 in Short Blades
 14387 | D:8      | Killed Psyche
 14388 | D:8      | Reached skill level 1 in Hexes
 14388 | D:8      | Reached skill level 11 in Ice Magic
 14636 | D:9      | Found Ceaxugg's Jewellery Boutique.
 14820 | D:9      | Reached skill level 1 in Conjurations
 15237 | D:9      | Reached skill level 10 in Dodging
 15285 | D:9      | Found a staircase to the Lair.
 15288 | D:9      | Found a hide-covered altar of Uskayaw.
 15473 | D:9      | Found a staircase to the Orcish Mines.
 15496 | D:9      | Reached XP level 11. HP: 48/68 MP: 7/20
 15511 | D:9      | Reached **** piety under Dithmenos
 16113 | Lair:1   | Entered Level 1 of the Lair of Beasts
 16257 | Lair:1   | Reached skill level 5 in Short Blades
 16349 | D:9      | Slain by a gnoll sergeant

Illustrated notes

Levels and vault maps discovered:
D:1:      dpeg_arrival_round_b, layout_rooms, ebering_ecumenical_altar_ruins,
          st_stairs_7
D:2:      layout_basic
D:3:      layout_loops_ring, mainiacjoe_overflow_24_doors, tgw_trog,
          st_stairs_14, kennysheep_generic_room_4, uniq_terence
D:4:      layout_layer_cave, uniq_pikel
D:5:      layout_basic, yredelemnul_altar_generic,
          minmay_temple_entry_statues_fountains, minivault_4,
          dreamdust_wishing_well, grunt_ministairs_5, grunt_decor_one_mirror
D:6:      layout_basic, kb_xom_exploding_sheep,
          mainiacjoe_overflow_surrounded_room, minmay_lizard_king
D:7:      layout_cave_pools, beargit_hepliaklqana_dungeon_heroes, dk_vineyard_3
D:8:      layout_basic, nicolae_overflow_crystal_walls,
          mainiacjoe_overflow_chevrons, serial_ice, serial_ice_a, serial_ice_k,
          serial_ice_b, serial_ice_g, grunt_ministairs_13, uniq_psyche
D:9:      layout_basic, eat_drink_and_be_merry_uskayaw, lair_entry_dummy,
          kennysheep_orc_monster_closet_entryway, serial_shops,
          nicolae_shop_hallway_plus
Lair:1:   lemuel_slime, layout_long_grid, serial_rivers,
          chequers_serial_rivers_small_3, chequers_serial_rivers_large_a,
          chequers_serial_rivers_micro_d, chequers_serial_rivers_room_b,
          uniq_joseph

Skill      XL: |  1  2  3  4  5  6  7  8  9 10 11 |
---------------+----------------------------------+-----
Dodging        | 3 4 6 7 8 10 | 10.5
Ice Magic      | 5 6 8 9 11 | 11.1
Stealth        | 3 5 |  5.0
Polearms       | 1 2 4 |  4.0
Spellcasting   | 3 4 5 6 |  6.0
Summonings     | 3 4 5 6 |  6.8
Short Blades   | 3 5 |  5.1
Hexes          | 1 2 |  2.0
Conjurations   | 1 2 |  2.0

Action                   |  1- 3 |  4- 6 |  7- 9 | 10-12 || total
-------------------------+-------+-------+-------+-------++-------
Melee: Unarmed           |     6 |       |       |     2 ||     8
       Club              |    17 |       |       |       ||    17
       Dagger            |    25 |    65 |   240 |   135 ||   465
       Trident           |    42 |    68 |     2 |    29 ||   141
       Punch             |       |     2 |     6 |     2 ||    10
       Tailslap          |       |       |       |     1 ||     1
 Cast: Freeze            |    45 |    24 |    59 |    21 ||   149
       Ozocubu's Armour  |     1 |    12 |    25 |    18 ||    56
       Frozen Ramparts   |       |     1 |    14 |    20 ||    35
       Summon Ice Beast  |       |       |    11 |    17 ||    28
Invok: Shadow Step       |       |       |       |     1 ||     1
  Use: Scroll            |       |       |     5 |       ||     5
 Stab: Sleeping          |     3 |    10 |     5 |     5 ||    23
       Distracted        |     1 |       |     2 |     2 ||     5
Armor: Robe              |    18 |       |       |    23 ||    41
       Leather armour    |    16 |    21 |    68 |    14 ||   119
       Skin              |       |       |       |     1 ||     1
Dodge: Dodged            |   117 |   115 |   261 |   211 ||   704
